 Dungeon Crawl Stone Soup version 0.23-a0-619-g281719c (console) character file.

20 Duffy the Skirmisher (level 2, 0/28 HPs)
             Began as a Naga Fighter on Dec 22, 2018.
             Slain by an adder (3 damage)
             ... on level 2 of the Dungeon.
             The game lasted 00:00:32 (448 turns).

Duffy the Skirmisher (Naga Fighter)                  Turns: 448, Time: 00:00:32

Health: 0/28       AC:  4    Str: 18    XL:     2   Next: 79%
Magic:  2/2        EV:  5    Int:  8    God:
Gold:   11         SH:  8    Dex: 10    Spells: 1/1 levels left

rFire    . . .     SeeInvis +   a - +0 war axe
rCold    . . .     Gourm    .   c - +0 shield
rNeg     . . .     Faith    .   b - +0 scale mail
rPois    +         Spirit   .   (no helmet)
rElec    .         Reflect  .   (no cloak)
rCorr    .         Harm     .   (no gloves)
MR       .....                  (no barding)
Stlth    ..........             (no amulet)
HPRegen  0.09/turn              (no ring)
MPRegen  0.08/turn              (no ring)

@: lethally poisoned (0 -> -2), very slow
A: large, see invisible, deformed body, poison resistance, slowness 2, slow
metabolism 1, spit poison 1, AC +0
a: Spit Poison


You were on level 2 of the Dungeon.
You were not hungry.

You visited 1 branch of the dungeon, and saw 2 of its levels.

You collected 11 gold pieces.

Inventory:

Hand Weapons
 a - a +0 war axe (weapon)
Armour
 b - a +0 scale mail (worn)
 c - a +0 shield (worn)
Potions
 d - a potion of might
 e - 2 potions of mutation {unknown}
Comestibles
 f - a ration
 g - 5 chunks of flesh


   Skills:
 - Level 3.0 Fighting
 + Level 2.6 Axes
 - Level 2.4 Armour
 + Level 2.8 Shields


You had one spell level left.
You didn't know any spells.
Your spell library was empty.

Dungeon Overview and Level Annotations

Branches:
Dungeon (2/15)

Altars:
Nemelex Xobeh


Innate Abilities, Weirdness & Mutations

You cannot wear boots.
Your serpentine skin is tough. (AC +0)
You have supernaturally acute eyesight. (SInv)
Armour fits poorly on your strangely shaped body.
Your system is resistant to poisons. (rPois)
You cover ground very slowly.
You have a slow metabolism.
You can spit poison.


Message History

You barely miss the adder.
The adder is severely wounded.
You hit the kobold.
You kill the kobold!
You feel sick. The adder bites you but does no damage.
The adder completely misses you.
You miss the adder.
The adder is severely wounded.
You have got your breath back.
The adder bites you but does no damage. The adder bites you.
You closely miss the adder.
The adder is severely wounded.
You feel sick. The adder barely misses you. The adder bites you.
You miss the adder.
The adder is heavily wounded.
You block the adder's attack. The adder bites you but does no damage.
You closely miss the adder.
The adder is heavily wounded.
The adder bites you.
You die...

#.#<##.##.##.####
#....##..###..#
######.#.######
####
............#####
..##.###.##......
...............#
.......#.......##
...#(.....#......
#.....#.(@..#...
..#....#S(..#.. .
#...#...#...#
#..#..#..#...#
#.#.#. .#.#.##
##.##. #.##.# #?
## # # #


You could see an adder.

Vanquished Creatures
  A bat (D:1)
  3 giant cockroaches (D:1)
  4 goblins (D:1)
  2 hobgoblins
  2 jackals (D:1)
  A frilled lizard (D:1)
  2 kobolds (D:2)
  3 rats
18 creatures vanquished.

Notes
Turn   | Place    | Note
-------+----------+-------------------------------------------
     0 | D:1      | Duffy the Naga Fighter began the quest for the Orb.
     0 | D:1      | Reached XP level 1. HP: 21/21 MP: 1/1
   146 | D:1      | Reached XP level 2. HP: 24/28 MP: 2/2
   401 | D:2      | Found a sparkling altar of Nemelex Xobeh.
   448 | D:2      | Slain by an adder

Vault maps used:
D:1:      sevenhm_arrival_forest_fort_large_4
D:2:      minmay_evil_eye, marbit_many_paths, minmay_misc_feat_enclosed,
          serial_park_tiny_2, minmay_increasing_density

Action                   || total
-------------------------++-------
Melee: War axe           ||    63
 Abil: Spit Poison       ||     1
Armor: Scale mail        ||    45
Dodge: Dodged            ||    17
Block: Shield            ||    31

Table legend:
 A = Non-vault XP
 B = Vault XP
 C = Vault XP percentage of total XP
 D = Non-vault monster count
 E = Vault monster count
 F = Vault count percentage of total count
                 A         B        C        D         E       F
            +---------+---------+-------+---------+---------+-------
      Total |      25 |       4 |  13.8 |      15 |       3 |  16.7
            +---------+---------+-------+---------+---------+-------
        D:1 |      24 |       0 |   0.0 |      14 |       0 |   0.0
        D:2 |       1 |       4 |  80.0 |       1 |       3 |  75.0
            +---------+---------+-------+---------+---------+-------
